 Dungeon Crawl Stone Soup version 0.24.0-125-gc4c63601f3 (webtiles) character file.

Game seed: 168477271494872497, levelgen mode: deterministic

534 Kaiern the Shooter (level 7, 45/45 HPs)
             Began as a Halfling Hunter on Mar 16, 2020.
             Was a Follower of Okawaru.
             Quit the game on level 4 of the Dungeon.
             The game lasted 00:26:32 (4201 turns).

Kaiern the Shooter (Halfling Hunter)                Turns: 4201, Time: 00:26:32

Health: 45/45      AC:  7    Str: 15    XL:     7   Next: 49%
Magic:  7/7        EV: 14    Int:  9    God:    Okawaru [*.....]
Gold:   282        SH:  0    Dex: 15    Spells: 6/6 levels left

rFire    . . .     SeeInvis .   t - +2 short sword (venom)
rCold    + . .     Gourm    .   (shield restricted)
rNeg     . . .     Faith    .   i - +0 ring mail
rPois    .         Spirit   .   (no helmet)
rElec    .         Reflect  .   (no cloak)
rCorr    .         Harm     .   s - +1 pair of gloves
MR       .....                  (no boots)
Stlth    +.........             (no amulet)
HPRegen  0.15/turn              g - ring of protection from cold
MPRegen  0.10/turn              (no ring)

@: no status effects
A: small, mutation resistance 1
a: Heroism, Renounce Religion


You were on level 4 of the Dungeon.
You worshipped Okawaru.
Okawaru was aware of your devotion.
You were not hungry.

You visited 2 branches of the dungeon, and saw 5 of its levels.
You also visited: Sewer.

You collected 282 gold pieces.

Inventory:

Hand Weapons
 a - a +1 shortbow
 t - a +2 short sword of venom (weapon)
Missiles
 d - 28 arrows
 k - 16 poisoned darts (quivered)
Armour
 c - a +0 leather armour
 i - a +0 ring mail (worn)
 s - a +1 pair of gloves (worn)
 v - a +0 cloak
Jewellery
 g - a ring of protection from cold (left hand)
Scrolls
 e - a scroll of noise {unknown}
 h - a scroll of blinking {unknown}
 m - 3 scrolls of teleportation {unknown}
 o - 2 scrolls of random uselessness {unknown}
 q - a scroll of fear {unknown}
 r - 3 scrolls of identify {unknown}
 w - a scroll of immolation {unknown}
Potions
 b - a potion of haste
 j - a potion of curing {unknown}
 l - a potion of flight {unknown}
 n - a potion of heal wounds {unknown}
 p - a potion of agility {unknown}
 u - a potion of resistance {unknown}
 x - 2 potions of might {unknown}
Comestibles
 f - 6 rations


   Skills:
 + Level 2.5 Fighting
 + Level 2.0 Short Blades
 * Level 7.9 Bows
 + Level 1.0 Throwing
 + Level 2.3 Armour
 + Level 2.7 Dodging
 + Level 1.5 Stealth


You had 6 spell levels left.
You didn't know any spells.
Your spell library was empty.

Dungeon Overview and Level Annotations

Branches:
Dungeon (4/15)             Temple (1/1) D:4           Sewer (visited)

Altars:
Ashenzari
Cheibriados
Dithmenos
Elyvilon
Fedhas
Hepliaklqana
Makhleb
Nemelex Xobeh
Okawaru
Qazlal
Sif Muna
Trog
Uskayaw
Vehumet
Wu Jian


Innate Abilities, Weirdness & Mutations

You are small and have problems with some larger weapons.
You are somewhat resistant to further mutation.


Message History

Found a blossoming altar of Fedhas.
There is a radiant altar of Vehumet here.
There is a staircase back to the Dungeon here.
There is a staircase back to the Dungeon here.
You climb upwards.
Welcome back to the Dungeon!
The adder misses you. The adder barely misses you.
There is a staircase to the Ecumenical Temple here.
You hit the adder.
The adder is poisoned.
The adder is moderately wounded.
The adder barely misses you.
You closely miss the adder.
The adder is moderately wounded.
The adder misses you. The adder closely misses you.
You hit the adder.
The adder looks as sick as possible!
The adder is heavily wounded.
You kill the adder!
Okawaru accepts your kill.
There is a staircase to the Ecumenical Temple here.
You see here an adder corpse.
Are you sure you want to abandon this character and quit the game? (Confirm with "yes".)

##......###..... ##
####....##...>. ##.##
#.....###.##.
#....######......#..###
##.....Z..#............#
#.....#888#............#
....##8...8.............
#...8.>.8.....##...)..
##.#8@..8..........##.
##8.8#.....###<....
#..........##......
..............#...#...
.......##.........##...
..##....##...#.#.# #...
. ....## ?...##..###..#
.....# ##....#.......
.......#.##..#.##...


You could see a water moccasin skeleton.

Vanquished Creatures
  2 ogres (D:4)
  A water moccasin skeleton (D:4)
  An orc priest (D:3)
  2 hounds (D:4)
  An orc wizard (D:3)
  A worker ant (D:4)
  4 gnolls (D:4)
  3 adders
  An ooze (D:3)
  7 worms
  3 dart slugs
  2 leopard geckos
  12 orcs (D:3)
  5 giant cockroaches
  5 goblins
  5 hobgoblins
  3 jackals (D:3)
  2 quokkas (D:2)
  2 ball pythons (D:2)
  6 bats
  10 frilled lizards
  8 kobolds
  8 rats
94 creatures vanquished.

Notes
Turn   | Place    | Note
-------+----------+-------------------------------------------
     0 | D:1      | Kaiern the Halfling Hunter began the quest for the Orb.
     0 | D:1      | Reached XP level 1. HP: 14/14 MP: 1/1
   659 | D:1      | Reached XP level 2. HP: 19/19 MP: 2/2
   713 | D:1      | You fall into a shaft and drop 1 floor!
   813 | D:1      | Reached skill level 5 in Bows
  1525 | D:2      | Reached XP level 3. HP: 24/24 MP: 3/3
  1970 | D:2      | Reached skill level 1 in Armour
  2052 | D:2      | Reached XP level 4. HP: 29/29 MP: 4/4
  2079 | D:2      | Found a bloodstained altar of Trog.
  2523 | D:3      | Reached skill level 1 in Short Blades
  2529 | D:3      | Reached XP level 5. HP: 27/34 MP: 5/5
  2694 | D:3      | Found an iron altar of Okawaru.
  2762 | D:3      | Reached skill level 6 in Bows
  2876 | D:3      | Became a worshipper of Warmaster Okawaru
  3345 | D:4      | Reached XP level 6. HP: 39/39 MP: 6/6
  3380 | D:4      | Found a shimmering blue altar of Sif Muna.
  3573 | D:4      | Reached skill level 7 in Bows
  3623 | D:4      | Reached * piety under Okawaru
  3623 | D:4      | Reached skill level 1 in Throwing
  3960 | D:4      | Found a glowing drain.
  3980 | D:4      | Reached XP level 7. HP: 40/45 MP: 7/7
  4025 | Sewer    | Entered a sewer
  4087 | D:4      | Found a staircase to the Ecumenical Temple.
  4115 | Temple   | Entered the Ecumenical Temple
  4201 | D:4      | Quit the game

Levels and vault maps discovered:
D:1:      dpeg_arrival_water_altar, layout_loops_corners
D:2:      layout_loops_ring, lightli_temple_of_fire, nrook_loot_triangle,
          palyth_stone_intersect
D:3:      layout_rooms, kennysheep_okawaru_gauntlet
D:4:      layout_cave_pools, lemuel_blue_sif_altar, yredelemnul_altar_generic,
          minmay_temple_entry_statues, cheibrodos_sewer_entry_drain,
          first_ration
Temple:   minmay_temple_bridge_abc

Skill      XL: |  1  2  3  4  5  6  7 |
---------------+----------------------+-----
Bows           | 5 6 7 |  7.9
Armour         | 1 2 |  2.3
Short Blades   | 1 2 |  2.0
Fighting       | 2 |  2.5
Throwing       | 1 |  1.0
Dodging        | |  2.7
Stealth        | |  1.5

Action                   |  1- 3 |  4- 6 |  7- 9 || total
-------------------------+-------+-------+-------++-------
Melee: Short sword       |    66 |    82 |    13 ||   161
 Fire: Shortbow          |    33 |   143 |       ||   176
Throw: Dart              |     5 |     5 |       ||    10
  Use: Potion            |     4 |       |       ||     4
 Stab: Distracted        |     1 |       |       ||     1
  Eat: Chunk             |     1 |     2 |       ||     3
       Ration            |     1 |     1 |       ||     2
Armor: Leather armour    |     9 |       |       ||     9
       Ring mail         |     5 |    55 |       ||    60
Dodge: Dodged            |    48 |   125 |    16 ||   189
